 Dungeon Crawl Stone Soup version 0.31-a0-799-g6bc09d010c (webtiles) character file.

Game seed: 4019209136264001390

1346 Dirtsage the Cleaver (level 8, 0/58 HPs)
             Began as a Demonspawn Berserker on Sept 19, 2023.
             Was an Elder of Trog.
             Slain by a kobold brigand
             ... wielding the +5 hand axe of Nisill {heavy, rPois Int+4}
              (12 damage)
             ... on level 6 of the Dungeon.
             The game lasted 00:11:18 (5426 turns).

Dirtsage the Cleaver (Demonspawn Berserker)         Turns: 5426, Time: 00:11:18

Health: 0/58       AC: 11    Str: 20    XL:     8   Next: 36%
Magic:  8/8        EV: 11    Int:  8    God:    Trog [****..]
Gold:   157        SH:  0    Dex: 13    Spells: 7/7 levels left

rFire   . . .        a - +0 hand axe
rCold   . . .        (no shield)
rNeg    . . .        r - +0 ring mail
rPois   .            j - +1 helmet
rElec   .            (no cloak)
rCorr   .            g - +0 pair of gloves
SInv    .            (no boots)
Will    .....        k - amulet of magic regeneration
Stlth   +            (no ring)
HPRegen 0.29/turn    (no ring)
MPRegen 0.51/turn

%: no passive effects
@: no status effects
A: thin metallic scales 2, powered by pain 1, weakness stinger 2
a: Renounce Religion, Berserk, Trog's Hand, Brothers in Arms


You were on level 6 of the Dungeon.
You worshipped Trog.
Trog was greatly pleased with you.
You visited 1 branch of the dungeon, and saw 6 of its levels.
You also visited: Sewer.

You collected 157 gold pieces.

Inventory:

Hand Weapons
 a - a +0 hand axe (weapon)
 t - a +2 heavy hand axe
Missiles
 w - a curare-tipped dart
Armour
 g - a +0 pair of gloves (worn)
 j - a +1 helmet (worn)
 r - a +0 ring mail (worn)
Jewellery
 k - an amulet of magic regeneration (around neck)
Talismans
 v - a dragon-blood talisman
Wands
 m - a wand of iceblast (11)
 p - a wand of flame (25)
Scrolls
 c - a scroll of noise
 d - a scroll of enchant weapon
 e - 2 scrolls of fog {unknown}
 f - 4 scrolls of teleportation {unknown}
 n - 2 scrolls of vulnerability {unknown}
 x - a scroll of blinking {unknown}
 y - a scroll of enchant armour {unknown}
Potions
 b - a potion of lignification {unknown}
 h - a potion of degeneration {unknown}
 i - a potion of mutation {unknown}
 l - 2 potions of heal wounds
 o - 2 potions of brilliance {unknown}
 q - 3 potions of curing
 s - a potion of resistance {unknown}
 u - 2 potions of might {unknown}
 z - a potion of attraction {unknown}


   Skills:
 - Level 3.0 Fighting
 * Level 9.8 Axes
 - Level 1.7 Armour
 - Level 1.7 Dodging


You had 7 spell levels left.
You didn't know any spells.
Your spell library contained the following spells:

 Spells                   Type           Power      Damage    Failure   Level
 Ensorcelled Hibernation  Hex/Ice        0%         N/A       73%         2
 Passwall                 Tmut/Erth      0%         N/A       73%         2
 Wereblood                Tmut           0%         N/A       73%         2
 Call Canine Familiar     Summ           0%         N/A       91%         3
 Sigil of Binding         Hex            0%         N/A       91%         3
 Swiftness                Air            0%         N/A       91%         3
 Dimensional Bullseye     Hex/Tloc       0%         N/A       100%        4
 Leda's Liquefaction      Hex/Erth       0%         N/A       100%        4
 Irradiate                Conj/Tmut      0%         3d11      100%        5
 Lee's Rapid Deconstruct  Erth           0%         3d4*      100%        5
 Leda's Unmaking          Conj/Erth      0%         9d1       100%        6


Dungeon Overview and Level Annotations

Branches:
Dungeon (6/15)              Sewer (visited)
 Temple: D:4-7

Altars:
Dithmenos

Shops:
D:3 [


Innate Abilities, Weirdness & Mutations

You are mostly covered in thin metallic scales. (AC +3)
You sometimes gain a little power by taking damage.
You have a tail ending in a sharp stinger.


Message History

You feel sick.
You feel sick.
You feel sick.
You feel sick.
You are no longer poisoned.
A kobold brigand comes into view.
It is wielding the +5 hand axe of Nisill {heavy, rPois Int+4} and quivering curare-tipped darts.
You take 2 damage, and have 19/58 hp.
The kobold brigand shouts!
You hear a shout! x3
The kobold brigand throws a curare-tipped dart.
The curare-tipped dart barely misses you.
The kobold brigand hits you with the +5 hand axe of Nisill {heavy, rPois Int+4}.
* * * LOW HITPOINT WARNING * * *
You take 4 damage, and have 16/58 hp.
You hit the kobold brigand. You tail-slap the kobold brigand.
The kobold brigand is moderately wounded.
You hit the kobold brigand.
Your tail-slap misses the kobold brigand.
The kobold brigand is moderately wounded.
The kobold brigand hits you but does no damage.
You hit the kobold brigand.
The kobold brigand is moderately wounded.
You hit the kobold brigand but do no damage.
The kobold brigand is moderately wounded.
A kobold comes into view.
It is wielding a +0 club. 2 kobolds come into view.
The kobold shouts! x2
A kobold comes into view. It is wielding a +0 whip.
The kobold hits you but does no damage. x2
The kobold brigand hits you with the +5 hand axe of Nisill {heavy, rPois Int+4}.
* * * LOW HITPOINT WARNING * * *
You take 5 damage, and have 12/58 hp.
You completely miss the kobold. You hit the kobold but do no damage.
You hit the kobold brigand but do no damage.
The kobold barely misses you. The kobold hits you with a +0 club.
* * * LOW HITPOINT WARNING * * *
You hit the kobold brigand.
The kobold brigand is heavily wounded.
You closely miss the kobold. You hit the kobold but do no damage.
The kobold brigand hits you with the +5 hand axe of Nisill {heavy, rPois Int+4}!
You die...

#. .# # #. #. #
#. .. .. . .
#..#. .#.##..
#..#K#.#....#
#............
#....KKK..# #####
#....@#######....
#....K.....#..#
#.....##.....#
#........##.##
#...))).###...
#.......# ###..#
#### #.......#
#..###...
#####.###
#.....f. #.#
####...


You could see a kobold brigand and 4 kobolds.

Vanquished Creatures
  2 water moccasins
  4 kobold brigands (Sewer)
  4 scorpions
  3 jellies
  A gnoll bouda (D:5)
  2 hounds
  An orc priest (D:5)
  2 orc wizards
  9 adders
  12 gnolls
  2 river rats
  7 worms
  A dart slug (D:3)
  21 orcs
  15 endoplasms
  4 goblins
  8 hobgoblins
  6 jackals
  8 kobolds
  4 quokkas
  9 ball pythons
  5 bats
  4 frilled lizards
  10 rats
144 creatures vanquished.

Notes
Turn   | Place    | Note
-------+----------+-------------------------------------------
     0 | D:1      | Dirtsage the Demonspawn Berserker began the quest for the
                  | Orb.
     0 | D:1      | Reached XP level 1. HP: 18/18 MP: 1/1
   181 | D:1      | Reached skill level 3 in Axes
   292 | D:1      | Gained mutation: You sometimes gain a little power by
                  | taking damage. [demonic ancestry]
   292 | D:1      | Reached XP level 2. HP: 22/24 MP: 2/2
   837 | D:2      | Gained mutation: You are partially covered in thin metallic
                  | scales. (AC +2) [demonic ancestry]
   837 | D:2      | Reached XP level 3. HP: 16/29 MP: 3/3
   917 | D:2      | Reached ** piety under Trog
   961 | D:2      | Reached skill level 4 in Axes
  1944 | D:3      | Reached XP level 4. HP: 35/35 MP: 4/4
  1955 | D:3      | Reached skill level 5 in Axes
  2022 | D:3      | Found Qillowoe's Antique Armour Shop.
  2172 | D:3      | Found a faded altar of an unknown god.
  2671 | D:4      | Gained mutation: You have a small tail. [demonic ancestry]
  2671 | D:4      | Reached XP level 5. HP: 41/41 MP: 5/5
  2731 | D:4      | Reached skill level 6 in Axes
  2805 | D:4      | Gained mutation: You are mostly covered in thin metallic
                  | scales. (AC +3) [demonic ancestry]
  2805 | D:4      | Reached XP level 6. HP: 47/47 MP: 6/6
  2822 | D:4      | HP: 2/47 [poisoned by an orc wizard]
  3143 | D:4      | Reached *** piety under Trog
  3447 | D:5      | Entered Level 5 of the Dungeon
  3484 | D:5      | Found a shadowy altar of Dithmenos.
  3490 | D:5      | Reached skill level 7 in Axes
  3681 | D:5      | Gained mutation: You have a tail ending in a sharp stinger.
                  | [demonic ancestry]
  3681 | D:5      | Reached XP level 7. HP: 34/52 MP: 7/7
  3811 | D:5      | Found a glowing drain.
  3823 | Sewer    | Entered a sewer
  3945 | Sewer    | Reached skill level 8 in Axes
  4661 | Sewer    | Reached **** piety under Trog
  4793 | D:5      | Reached skill level 9 in Axes
  4793 | D:5      | Reached XP level 8. HP: 53/58 MP: 8/8
  5417 | D:6      | Identified the +5 hand axe of Nisill {heavy, rPois Int+4}
  5426 | D:6      | Slain by a kobold brigand

Illustrated notes

Levels and vault maps discovered:
D:1:      minmay_arrival_four_circles, layout_basic, fountainhead,
          minmay_crystal_water, hangedman_abyss_or_decor_lesser_grid
D:2:      layout_loops_corners
D:3:      layout_loops_cross, serial_shops, nicolae_shop_pleasant_corner_grove,
          shapermc_ecumenical_altar_starsandcircs, grunt_decor_one_mirror,
          minmay_misc_feat_columns
D:4:      layout_rooms
D:5:      layout_loops_ring, mainiacjoe_overflow_chevrons, portal_sewer_entry_c
D:6:      layout_rooms, minmay_temple_entry_ruins, palyth_stone_intersect,
          hangedman_decor_riveting, nicolae_shop_sticking_my_neck_out,
          uniq_pikel

Skill      XL: |  1  2  3  4  5  6  7 |
---------------+----------------------+-----
Axes           | 3 4 5 6 7 9 |  9.8
Fighting       | |  3.0
Armour         | |  1.7
Dodging        | |  1.7

Action                     |  1- 3 |  4- 6 |  7- 9 || total
---------------------------+-------+-------+-------++-------
  Melee: Hand axe          |   158 |   182 |   214 ||   554
         Punch             |     1 |       |     1 ||     2
         Tailslap          |       |    19 |    24 ||    43
 Invoke: Berserk           |     1 |     3 |     4 ||     8
    Use: Scroll            |       |     3 |       ||     3
         Potion            |       |     2 |       ||     2
   Stab: Sleeping          |     3 |       |       ||     3
         Distracted        |     1 |       |       ||     1
 Armour: Animal skin       |    94 |    17 |       ||   111
         Leather armour    |       |    50 |       ||    50
         Ring mail         |       |    37 |   109 ||   146
         Skin              |       |     3 |       ||     3
  Dodge: Dodged            |   108 |    94 |    90 ||   292

Table legend: (Time is in decaauts)
 A = Elapsed time spent in this place.
 B = Non-inter-level travel time spent in this place.
 C = Inter-level travel time spent in this place.
 D = Time resting spent in this place.
 E = Time spent auto-exploring this place.
 F = Levels seen in this place.
 G = Mean time per level.
                   A        B        C        D        E       F      G
               +--------+--------+--------+--------+--------+-----+--------+
         Total |   5644 |   5412 |    232 |    499 |   3865 |   7 |  806.3 |
       Dungeon |   4614 |   4382 |    232 |    455 |   3114 |   6 |  769.0 |
         Sewer |   1030 |   1030 |      0 |     43 |    750 |   1 | 1030.0 |
               +--------+--------+--------+--------+--------+-----+--------+

Top non-repeatable levels by time:
     D:2: 1117 daAuts
   Sewer: 1030 daAuts
     D:5: 958 daAuts
     D:3: 946 daAuts
     D:4: 751 daAuts
     D:1: 675 daAuts
     D:6: 165 daAuts
